 Dungeon Crawl Stone Soup version 0.26-a0-259-g1effd001a9 (webtiles) character file.

Game seed: 8323215421607132093

103 wvc the Slasher (level 4, -1/39 HPs)
             Began as a Naga Gladiator on July 12, 2020.
             Slain by an adder (2 damage)
             ... on level 3 of the Dungeon.
             The game lasted 00:03:59 (2379 turns).

wvc the Slasher (Naga Gladiator)                    Turns: 2379, Time: 00:04:00

Health: -1/39      AC:  6    Str: 16    XL:     4   Next: 79%
Magic:  4/4        EV:  8    Int:  9    God:
Gold:   110        SH:  3    Dex: 13    Spells: 3/3 levels left

rFire    . . .     SeeInvis +   j - -3 whip (curse)
rCold    . . .     Faith    .   n - +0 buckler
rNeg     . . .     Spirit   .   g - +0 ring mail
rPois    +         Reflect  .   c - +0 helmet
rElec    .         Harm     .   (no cloak)
rCorr    .                      i - +1 pair of gloves
MR       .....                  (no barding)
Stlth    +.........             (no amulet)
HPRegen  0.13/turn              (no ring)
MPRegen  0.09/turn              (no ring)

@: lethally poisoned (-1 -> -3), very slow
A: large, see invisible, deformed body, poison resistance, slowness 2, slow
metabolism 1, spit poison 1, AC +1
a: Spit Poison


You were on level 3 of the Dungeon.
You were not hungry.

You visited 1 branch of the dungeon, and saw 3 of its levels.

You collected 110 gold pieces.

Inventory:

Hand Weapons
 a - a +0 long sword
 j - a cursed -3 whip (weapon)
Missiles
 d - 3 throwing nets (quivered)
Armour
 c - a +0 helmet (worn)
 g - a +0 ring mail (worn)
 i - a +1 pair of gloves (worn)
 n - a +0 buckler (worn)
Jewellery
 e - an uncursed ring of fire
Wands
 p - a wand of polymorph (9)
Scrolls
 h - a scroll of fog
 l - a scroll of magic mapping
Potions
 b - a potion of curing
 m - a potion of invisibility
Comestibles
 f - 7 rations


   Skills:
 - Level 2.0 Fighting
 + Level 5.3 Long Blades
 - Level 1.7 Throwing
 - Level 2.4 Dodging


You had 3 spell levels left.
You didn't know any spells.
Your spell library was empty.

Dungeon Overview and Level Annotations

Branches:
Dungeon (3/15)

Altars:


Innate Abilities, Weirdness & Mutations

You cannot wear boots.
Your serpentine skin is tough. (AC +1)
You have supernaturally acute eyesight. (SInv)
Armour fits poorly on your strangely shaped body.
Your system is resistant to poisons. (rPois)
You cover ground very slowly.
You have a slow metabolism.
You can spit poison.


Message History

You hit the adder.
The adder is heavily wounded.
You feel sick.
The adder barely misses you. x2; The kobold barely misses you.
The adder bites you.
* * * LOW HITPOINT WARNING * * *
You completely miss the adder.
The adder is heavily wounded.
The adder bites you but does no damage. x2; The kobold closely misses you.
You block the adder's attack.
You barely miss the adder.
The adder is heavily wounded.
You block the adder's attack. The kobold closely misses you.
The adder bites you.
* * * LOW HITPOINT WARNING * * *
The adder barely misses you.
You hit the adder.
The adder is severely wounded.
The adder barely misses you. The kobold hits you but does no damage.
You block the adder's attack. The adder bites you.
You die...

.... .... .. .... ...
.... ...# ...###.
#...# ..#.>.. ....#
#......... #...#
(....#.... ######K..#
...# ....###....@Sl#
# ##........#...S## #
#.. ..#.#.(.####
####.# #.#...###
...#.###.#.#.#
...#.#.....#.###
........#......######
........######......#
......### ##.....#


You could see 2 adders, a leopard gecko and a kobold.

Vanquished Creatures
  An iguana (D:3)
  2 adders
  An ufetubus (D:2)
  An ooze (D:1)
  A worm (D:3)
  2 dart slugs
  An orc (D:3)
  A ball python (D:1)
  3 bats
  2 giant cockroaches
  5 goblins
  3 hobgoblins
  6 jackals
  6 frilled lizards
  4 kobolds
  2 rats
41 creatures vanquished.

Notes
Turn   | Place    | Note
-------+----------+-------------------------------------------
     0 | D:1      | wvc the Naga Gladiator began the quest for the Orb.
     0 | D:1      | Reached XP level 1. HP: 19/19 MP: 1/1
   192 | D:1      | Reached XP level 2. HP: 14/26 MP: 2/2
   827 | D:1      | Reached skill level 4 in Long Blades
  1048 | D:2      | Reached XP level 3. HP: 32/32 MP: 3/3
  1907 | D:3      | Reached XP level 4. HP: 39/39 MP: 4/4
  1952 | D:3      | Reached skill level 5 in Long Blades
  2378 | D:3      | HP: 1/39 [adder (4)]
  2379 | D:3      | Slain by an adder

Illustrated notes

Levels and vault maps discovered:
D:1:      minmay_arrival_checkered_box, layout_basic
D:2:      layout_loops_ring
D:3:      layout_rooms, marbit_many_paths, first_ration,
          kennysheep_decorative_pillar

Skill      XL: |  1  2  3  4 |
---------------+-------------+-----
Long Blades    | 4 5 |  5.3
Fighting       | |  2.0
Throwing       | |  1.7
Dodging        | |  2.4

Action                   |  1- 3 |  4- 6 || total
-------------------------+-------+-------++-------
Melee: Long sword        |   107 |    21 ||   128
       Whip              |       |    26 ||    26
 Abil: Spit Poison       |       |     4 ||     4
  Use: Scroll            |     5 |     3 ||     8
  Eat: Ration            |     1 |       ||     1
Armor: Leather armour    |    29 |       ||    29
       Ring mail         |     8 |    38 ||    46
Dodge: Dodged            |    63 |    45 ||   108
Block: Buckler           |     8 |    22 ||    30
       Rpst.: Long sword |    22 |     1 ||    23

Table legend:
 A = Non-vault XP
 B = Vault XP
 C = Vault XP percentage of total XP
 D = Non-vault monster count
 E = Vault monster count
 F = Vault count percentage of total count
                 A         B        C        D         E       F
            +---------+---------+-------+---------+---------+-------
      Total |     148 |       0 |   0.0 |      41 |       0 |   0.0
            +---------+---------+-------+---------+---------+-------
        D:1 |      31 |       0 |   0.0 |      15 |       0 |   0.0
        D:2 |      45 |       0 |   0.0 |      15 |       0 |   0.0
        D:3 |      72 |       0 |   0.0 |      11 |       0 |   0.0
            +---------+---------+-------+---------+---------+-------
